 Dungeon Crawl Stone Soup version 0.27.1-15-g792fb953b9 (webtiles) character file.

Game seed: 1348837502903714826

9 spaced the Chopper (level 2, 0/19 HPs)
             Began as a Human Wanderer on Nov 19, 2021.
             Slain by a jackal (2 damage)
             ... on level 2 of the Dungeon.
             The game lasted 00:03:22 (226 turns).

spaced the Chopper (Human Wanderer)                  Turns: 226, Time: 00:03:23

Health: 0/19       AC:  2    Str: 13    XL:     2   Next: 20%
Magic:  2/3        EV: 11    Int: 10    God:
Gold:   25         SH:  0    Dex: 13    Spells: 2/3 levels left

rFire    . . .     SeeInvis +   f - +0 dagger
rCold    . . .     Faith    .   (no shield)
rNeg     . . .     Spirit   .   d - +0 robe
rPois    .         Reflect  .   (no helmet)
rElec    .         Harm     .   (no cloak)
rCorr    .         Rampage  .   (no gloves)
Will     .....                  (no boots)
Stlth    ++........             (no amulet)
HPRegen  0.06/turn              g - ring of see invisible
MPRegen  0.08/turn              (no ring)

@: no status effects
A: no striking features
a: no special abilities


You were on level 2 of the Dungeon.
You visited 1 branch of the dungeon, and saw 2 of its levels.

You collected 25 gold pieces.

Inventory:

Hand Weapons
 a - a +0 shortbow
 f - a +0 dagger (weapon)
Missiles
 b - 23 arrows
Armour
 d - a +0 robe (worn)
 h - a +0 plate armour
Jewellery
 g - a ring of see invisible (left hand)
Potions
 c - a potion of curing
 e - a potion of brilliance {unknown}


   Skills:
 + Level 5.4 Axes
 + Level 1.0 Stealth
 + Level 1.0 Shields
 + Level 1.0 Spellcasting
 + Level 2.0 Hexes


You had 2 spell levels left.
You knew the following spells:

 Your Spells              Type           Power      Damage    Failure   Level
a - Corona                Hex            4%         N/A       16%         1

Your spell library contained the following spells:

 Spells                   Type           Power      Damage    Failure   Level
 Ensorcelled Hibernation  Hex/Ice        4%         N/A       34%         2
 Confusing Touch          Hex            4%         N/A       41%         3
 Tukima's Dance           Hex            4%         N/A       41%         3
 Dazzling Flash           Conj/Hex       4%         N/A       56%         3


Dungeon Overview and Level Annotations

Branches:
Dungeon (2/15)

Altars:


Message History

The jackal closely misses you. x2
You hit the jackal but do no damage.
The jackal is moderately wounded.
The jackal bites you but does no damage.
You barely miss the jackal.
The jackal is moderately wounded.
The jackal misses you. The jackal bites you.
* * * LOW HITPOINT WARNING * * *
The jackal bites you but does no damage.
The jackal bites you but does no damage.
The jackal bites you but does no damage.
The jackal barely misses you. The jackal misses you.
The jackal barely misses you. The jackal misses you.
The jackal closely misses you.
The jackal bites you but does no damage.
A kobold comes into view. It is wielding a +0 club.
The jackal bites you.
* * * LOW HITPOINT WARNING * * *
The jackal barely misses you. The jackal bites you.
* * * LOW HITPOINT WARNING * * *
There is an escape hatch in the floor here.
The jackal misses you.
You slide downwards.
The hatch slams shut behind you.
Found 8 gold pieces.
Casting: Corona (safe; 16% risk of failure)
Confirm with . or Enter, or press ? or * to list all spells.
Aiming: Corona (safe; 16% risk of failure)
Press: ? - help, Shift-Dir - straight line, f - jackal
Aim: a jackal (chance to affect: 55%)
The jackal is outlined in light.
The jackal bites you but does no damage.
You hit the jackal but do no damage. The jackal closely misses you.
The jackal bites you.
* * * LOW HITPOINT WARNING * * *
You hit the jackal.
The jackal is heavily wounded.
The jackal bites you.
You die...

### $. #.
##.##
##.h.##
#...@.#
#...........
#.....######
##...##
#####


You could see a jackal (corona).

Vanquished Creatures
  A ball python (D:1)
  An endoplasm (D:1)
  A goblin (D:1)
  A hobgoblin (D:1)
  A jackal (D:1)
  3 rats (D:1)
8 creatures vanquished.

Notes
Turn   | Place    | Note
-------+----------+-------------------------------------------
     0 | D:1      | spaced the Human Wanderer began the quest for the Orb.
     0 | D:1      | spaced set off with the following items: a +0 shortbow, 25
                  | arrows, a potion of curing, a +0 robe; and the following
                  | spell memorised: Corona; and the following spells available
                  | to memorise: Ensorcelled Hibernation, Confusing Touch,
                  | Tukima's Dance, Dazzling Flash
     0 | D:1      | Reached XP level 1. HP: 13/13 MP: 2/2
   142 | D:1      | Reached XP level 2. HP: 19/19 MP: 3/3
   226 | D:2      | Slain by a jackal

Illustrated notes

Levels and vault maps discovered:
D:1:      dpeg_arrival_short_road, layout_basic, serial_shops, shop,
          minmay_rat_gold_closets
D:2:      layout_loops_ring, ebering_ecumenical_altar_rust, uniq_robin

Action                   || total
-------------------------++-------
Melee: Dagger            ||    23
 Fire: Shortbow          ||    11
 Cast: Corona            ||     4
Armor: Robe              ||    11
Dodge: Dodged            ||    35
